 Dungeon Crawl Stone Soup version 0.28.0-45-g0d030f2227 (webtiles) character file.

Game seed: 5956623496262618962

217 protoss039 the Digger (level 5, -4/41 HPs)
             Began as a Demonspawn Earth Elementalist on May 23, 2022.
             Slain by an orc
             ... wielding a +0 hand axe
              (7 damage)
             ... on level 4 of the Dungeon.
             The game lasted 00:05:00 (3440 turns).

protoss039 the Digger (DsEE)                        Turns: 3440, Time: 00:05:00

Health: -4/41      AC:  3    Str:  8    XL:     5   Next: 61%
Magic:  8/9        EV: 11    Int: 19    God:
Gold:   118        SH:  0    Dex: 13    Spells: 3/9 levels left

rFire   . . .      SeeInvis .   m - +1 dagger (venom)
rCold   . . .      Faith    .   (no shield)
rNeg    . . .      Spirit   .   b - +0 leather armour "Humyrgh" {Will++}
rPois   .          Reflect  .   (no helmet)
rElec   .          Harm     .   (no cloak)
rCorr   .          Rampage  .   (no gloves)
Will    ++...                   (no boots)
Stlth   ++........              l - amulet of magic regeneration
HPRegen 0.13/turn               (no ring)
MPRegen 0.51/turn               (no ring)

@: no status effects
A: powered by death 2
a: no special abilities


You were on level 4 of the Dungeon.
You visited 1 branch of the dungeon, and saw 4 of its levels.

You collected 118 gold pieces.

Inventory:

Hand Weapons
 m - a +1 dagger of venom (weapon)
Missiles
 c - 64 stones
Armour
 b - the +0 leather armour "Humyrgh" (worn) {Will++}
   (You found it on level 2 of the Dungeon)

   Will:      It greatly increases your willpower.
Jewellery
 k - an amulet of the acrobat
 l - an amulet of magic regeneration (around neck)
Scrolls
 h - 3 scrolls of fear {unknown}
 j - a scroll of teleportation {unknown}
 n - a scroll of enchant armour {unknown}
Potions
 a - a potion of resistance {unknown}
 d - a potion of haste {unknown}
 e - a potion of curing
 f - a potion of heal wounds {unknown}
 o - a potion of attraction {unknown}


   Skills:
 * Level 3.2 Fighting
 + Level 1.8 Armour
 - Level 1.7 Dodging
 - Level 1.7 Stealth
 + Level 2.8 Spellcasting
 + Level 1.3 Conjurations
 - Level 1.0 Transmutations
 + Level 3.4 Earth Magic


You had 3 spell levels left.
You knew the following spells:

 Your Spells              Type           Power      Damage    Failure   Level
a - Sandblast             Erth           30%        2d9       5%          1
b - Passwall              Tmut/Erth      9%         N/A       14%         2
c - Stone Arrow           Conj/Erth      22%        3d8       24%         3

Your spell library contained the following spells:

 Spells                   Type           Power      Damage    Failure   Level
 Petrify                  Tmut/Erth      11%        N/A       65%         4


Dungeon Overview and Level Annotations

Branches:
Dungeon (3/15)

Altars:

Shops:
D:2 =


Innate Abilities, Weirdness & Mutations

You regenerate health from kills.


Message History

The orc wizard closely misses you. The orc hits you with a +0 mace.
* * * LOW HITPOINT WARNING * * *
Your Fighting skill increases to level 3!
Unknown command.
Unknown command.
Press: ? - help, v - describe, . - travel
Here: an orc, wielding a +0 mace The floor.
You feel better.
The orc wizard hits you but does no damage.
The orc hits you with a +0 hand axe.
* * * LOW HITPOINT WARNING * * *
The orc hits you with a +0 mace.
* * * LOW HITPOINT WARNING * * *
Unknown command.
Unknown command.
You feel better.
The orc wizard hits you with a +0 dagger.
* * * LOW HITPOINT WARNING * * *
The orc hits you with a +0 hand axe.
* * * LOW HITPOINT WARNING * * *
The orc completely misses you.
Unknown command.
Unknown command.
Unknown command.
Unknown command.
Okay, then.
This is a scroll of acquirement!
Something appears at your feet!
The orc wizard hits you but does no damage.
The orc misses you. The orc completely misses you.
Your magical contamination has completely faded away.
Unknown command.
Unknown command.
As you read the scroll labelled MOTENT YWKIYLL, it crumbles to dust.
The scroll dissolves into smoke.
It was a scroll of fog.
The orc wizard hits you with a +0 dagger.
* * * LOW HITPOINT WARNING * * *
The orc hits you with a +0 hand axe!
You die...

. .. .. #. ..#..########..
.....)......... #.o).# ####### #.
#..oo##+#.....# #.
#.oo@§........######. ......
##.§§§............... .......
#................... #......
#...................
......########...................
......##.........................
......##.......##...........####.
......##.......#............# #.
......'†...........##.........##.


You could see an orc wizard and 4 orcs.

Vanquished Creatures
  A scorpion (D:4)
  An orc wizard (D:4)
  6 adders
  A dart slug (D:1)
  8 orcs
  9 ball pythons
  7 bats
  3 endoplasms
  A giant cockroach (D:3)
  5 goblins
  9 hobgoblins
  2 jackals (D:3)
  2 quokkas (D:1)
  3 frilled lizards
  5 kobolds
  3 rats
66 creatures vanquished.

Vanquished Creatures (others)
  6 demonic plants (D:1)
  7 fungi (D:1)
  3 plants (D:1)
  3 withered plants (D:1)
19 creatures vanquished.

Grand Total: 85 creatures vanquished

Notes
Turn   | Place    | Note
-------+----------+-------------------------------------------
     0 | D:1      | protoss039 the Demonspawn Earth Elementalist began the
                  | quest for the Orb.
     0 | D:1      | Reached XP level 1. HP: 13/13 MP: 3/3
   160 | D:1      | Reached skill level 1 in Transmutations
   849 | D:1      | Gained mutation: You regenerate a little health from kills.
                  | [demonic ancestry]
   849 | D:1      | Reached XP level 2. HP: 20/20 MP: 5/5
   955 | D:1      | Found a faded altar of an unknown god.
   971 | D:1      | Reached skill level 1 in Fighting
  1728 | D:1      | Learned a level 2 spell: Passwall
  1744 | D:2      | Reached skill level 1 in Armour
  1744 | D:2      | Reached XP level 3. HP: 17/26 MP: 2/6
  1976 | D:1      | Learned a level 3 spell: Stone Arrow
  2026 | D:2      | Identified the +0 leather armour "Humyrgh" {Will++}
  2165 | D:2      | Found Puwnog's Jewellery Shop.
  2310 | D:2      | Gained mutation: You regenerate health from kills. [demonic
                  | ancestry]
  2310 | D:2      | Reached XP level 4. HP: 30/33 MP: 3/7
  3300 | D:3      | You fall into a shaft and drop 1 floor!
  3315 | D:4      | Reached skill level 1 in Conjurations
  3315 | D:4      | Reached XP level 5. HP: 4/40 MP: 2/8
  3434 | D:4      | HP: 2/40 [orc/+0 mace (6)]
  3439 | D:4      | Identified a scroll of acquirement
  3439 | D:4      | Acquired the ring of Kuloph {MP+9 Int+4 SInv}
  3440 | D:4      | Slain by an orc

Illustrated notes

Levels and vault maps discovered:
D:1:      saegor_arrival_miasma, layout_basic, shapermc_ecumenical_altar_gd,
          minmay_misc_feat_diagonals, chequers_serial_rivers_small_b,
          minmay_misc_feat_rugged
D:2:      layout_basic, serial_shops, shop
D:3:      wad_river_or_something, layout_rooms
D:4:      layout_basic

Skill      XL: |  1  2  3  4  5 |
---------------+----------------+-----
Transmutations | 1 |  1.0
Fighting       | 1 2 3 |  3.2
Armour         | 1 |  1.8
Earth Magic    | 3 |  3.4
Conjurations   | 1 |  1.3
Dodging        | |  1.7
Stealth        | |  1.7
Spellcasting   | |  2.8

Action                   |  1- 3 |  4- 6 || total
-------------------------+-------+-------++-------
Melee: Unarmed           |    18 |       ||    18
       Whip              |    78 |       ||    78
       Short sword       |    21 |    56 ||    77
       Punch             |       |     3 ||     3
       Dagger            |       |    14 ||    14
 Cast: Sandblast         |    22 |    30 ||    52
       Stone Arrow       |       |     1 ||     1
  Use: Potion            |       |     3 ||     3
       Scroll            |       |     2 ||     2
 Stab: Sleeping          |     3 |     2 ||     5
Armor: Robe              |    24 |       ||    24
       Leather armour    |    14 |    26 ||    40
Dodge: Dodged            |   112 |    78 ||   190
